 Dungeon Crawl Stone Soup version 0.21-a0-241-g2cbab09 (webtiles) character file.

22 tidbits the Insei (level 2, -2/22 HPs)
             Began as a Demigod Transmuter on Sept 3, 2017.
             Slain by a worm (3 damage)
             ... on level 3 of the Dungeon.
             The game lasted 00:03:11 (379 turns).

tidbits the Insei (Demigod Transmuter)               Turns: 379, Time: 00:03:12

Health: -2/22      AC:  3    Str: 13    XL:     2   Next: 51%
Magic:  6/7        EV: 12    Int: 17    God:
Gold:   56         SH:  0    Dex: 16    Spells: 2/5 levels left

rFire    . . .     SeeInvis .     - Unarmed
rCold    . . .     Gourm    .   (no shield)
rNeg     . . .     Faith    .   b - +0 robe
rPois    .         Spirit   .   E - +1 hat
rElec    .         Reflect  .   (no cloak)
rCorr    .         Harm     .   (no gloves)
MR       .....                  (no boots)
Stlth    +.........             (no amulet)
HPRegen  0.07/turn              (no ring)
MPRegen  0.10/turn              (no ring)

@: confused
A: high mp 1
a: no special abilities


You were on level 3 of the Dungeon.
You were not hungry.

You visited 1 branch of the dungeon, and saw 3 of its levels.

You collected 56 gold pieces.

Inventory:

Missiles
 a - 41 arrows
 e - 31 stones (quivered)
Armour
 b - a +0 robe (worn)
 E - a +1 hat (worn)
Jewellery
 k - an uncursed ring of ice
   (You found it on level 1 of the Dungeon)
Scrolls
 h - a scroll of teleportation {unknown}
 j - 3 scrolls of remove curse {unknown}
Books
 c - a book of Changes

   Spells                             Type                      Level
   a - Beastly Appendage              Transmutation                1
   b - Sticks to Snakes               Transmutation                2
   c - Spider Form                    Transmutation/Poison         3
   d - Ice Form                       Ice/Transmutation            4
   e - Blade Hands                    Transmutation                5
Comestibles
 d - a bread ration
 f - a meat ration
 i - a fruit
 m - a chunk of flesh


   Skills:
 - Level 0.8 Fighting
 - Level 1.7 Dodging
 * Level 3.0 Unarmed Combat
 - Level 2.3 Spellcasting
 + Level 2.0 Transmutations


You had 2 spell levels left.
You knew the following spells:

 Your Spells              Type           Power        Failure   Level  Hunger
e - Beastly Appendage     Tmut           #.....       8%          1    #......
k - Sticks to Snakes      Tmut           #.......     12%         2    ##.....


Dungeon Overview and Level Annotations

Branches:
Dungeon (3/15)


Innate Abilities, Weirdness & Mutations

You have an increased reservoir of magic. (+10% MP)


Message History

The worm bites your ball python.
Your ball python dies!
Casting: Beastly Appendage
Confirm with . or Enter, or press ? or * to list all spells.
You extend your transformation's duration.
Your magical contamination has completely faded away.
You hit the orc. You claw the orc.
The orc is almost dead.
The orc closely misses you.
You hit the orc but do no damage. You claw the orc.
You kill the orc!
Your adder bites the worm.
You hit the orc but do no damage. Your kick misses the orc.
The orc hits you with a club. The worm bites your adder!
Your adder dies!
You closely miss the orc. You claw the orc.
The orc is heavily wounded.
The orc hits you but does no damage.
You closely miss the orc.
The orc is heavily wounded.
The orc hits you with a club.
You hit the orc.
You kill the orc!
Your Unarmed Combat skill increases to level 3!
Your transformation is almost over.
Items here: ))) [ †† An orc wizard comes into view.
It is wielding a dagger.
The orc wizard shouts!
You hear a shout!
The orc wizard gestures at you while chanting.
The puff of flame hits you!
* * * LOW HITPOINT WARNING * * *
An orc comes into view.
Okay, then.
It was a potion of magic.
Magic courses through your body.
Your talons disappear.
It was a potion of heal wounds.
You feel much better.
Casting: Beastly Appendage
Confirm with . or Enter, or press ? or * to list all spells.
You create a snake!
You now have 41 arrows.
The orc wizard closely misses you. The worm bites you.
You hit the orc wizard but do no damage.
The orc wizard points at you and mumbles some strange words.
You are confused.
Your ball python bites the orc wizard.
Your ball python misses the orc wizard.
You barely miss the orc wizard.
The orc wizard is lightly wounded.
The orc wizard gestures at you while chanting.
You are more confused.
The orc closely misses your ball python.
Your ball python closely misses the orc wizard.
Your ball python grabs the orc wizard.
Your ball python constricts the orc wizard.
The worm bites you but does no damage.
You're too confused to move!
The orc wizard points at you and mumbles some strange words.
The magic dart hits you! The orc barely misses your ball python.
Your ball python bites the orc wizard but does no damage.
Your ball python constricts the orc wizard.
You bump into the rock wall.
The orc misses your ball python. The orc wizard misses you.
Your ball python bites the orc wizard but does no damage.
Your ball python constricts the orc wizard.
The worm bites you!
* * * LOW HITPOINT WARNING * * *
You bump into the rock wall.
Your ball python bites the orc wizard but does no damage.
Your ball python constricts the orc wizard.
The orc hits your ball python.
The orc wizard gestures at you while chanting.
You resist with significant effort.
You hit the orc wizard but do no damage.
The orc wizard is moderately wounded.
Your ball python bites the orc wizard but does no damage.
Your ball python constricts the orc wizard.
The orc wizard gestures at you while chanting.
The magic dart hits you!
* * * LOW HITPOINT WARNING * * *
The orc barely misses your ball python. The worm closely misses you.
You aren't carrying any potions.
Unknown command.
You hit the orc wizard.
The orc wizard is moderately wounded.
Your ball python bites the orc wizard but does no damage.
Your ball python constricts the orc wizard.
The orc wizard barely misses you. The orc barely misses your ball python.
Your ball python bites the orc wizard.
Your ball python constricts the orc wizard.
The worm bites you but does no damage.
You closely miss the orc wizard.
The orc wizard is heavily wounded.
The orc wizard hits you but does no damage.
The orc closely misses your ball python.
Your ball python barely misses the orc wizard.
Your ball python constricts the orc wizard.
You hit the orc wizard.
The orc wizard is almost dead.
The orc wizard completely misses you. The orc hits your ball python.
Your ball python dies!
The worm bites you.
You die...

#. ###.# .o.#.#
####.##.#.##### #
#.o.o##.#.#...#.##
#o# #.#.#...w...
#@# #)#.#...#
#w#####.#..).##.#
#...w....<......#
#######.######..#
#.# .# #.# # #.#
#.# #.#


You could see a worm, an orc wizard and an orc.

Vanquished Creatures
  A worm (D:2)
  A leopard gecko (D:1)
  3 orcs (D:3)
  2 hobgoblins
  A bat (D:1)
  A frilled lizard (D:2)
  A kobold (D:1)
  2 rats
12 creatures vanquished.

Vanquished Creatures (collateral kills)
  A worm (D:3)
  An orc (D:3)
  A leopard gecko zombie (D:3)
3 creatures vanquished.

Grand Total: 15 creatures vanquished

Notes
Turn   | Place    | Note
-------+----------+-------------------------------------------
     0 | D:1      | tidbits the Demigod Transmuter began the quest for the Orb.
     0 | D:1      | Reached XP level 1. HP: 15/15 MP: 5/5
   152 | D:1      | Reached skill level 2 in Spellcasting
   257 | D:2      | Found an ornate altar of the Wu Jian Council.
   259 | D:2      | Found a hide-covered altar of Uskayaw.
   259 | D:2      | Found an ancient bone altar of Kikubaaqudgha.
   267 | D:2      | Found a glowing golden altar of the Shining One.
   310 | D:2      | Reached XP level 2. HP: 21/22 MP: 5/7
   314 | D:2      | Learned a level 2 spell: Sticks to Snakes
   336 | D:3      | Reached skill level 2 in Transmutations
   360 | D:3      | Reached skill level 3 in Unarmed Combat
   376 | D:3      | HP: 1/22 [orc wizard/magic dart (7)]
   379 | D:3      | Slain by a worm

Vault maps used:
D:1:      dpeg_arrival_leaves_temple_mockup, tso_altar
D:2:      grunt_temple_overflow_open, first_bread

Skill      XL: |  1  2 |
---------------+-------+-----
Spellcasting   | 2 |  2.3
Transmutations | 2 |  2.0
Unarmed Combat | 3 |  3.0
Fighting       | |  0.8
Dodging        | |  1.7

Action                   || total
-------------------------++-------
Melee: Unarmed           ||    49
       Kick              ||    12
       Punch             ||     1
 Cast: Beastly Appendage ||    12
       Sticks to Snakes  ||     3
  Use: Potion            ||     2
Armor: Robe              ||    11
Dodge: Dodged            ||    30

Table legend:
 A = Spawn XP
 B = Non-spawn XP
 C = Spawn XP percentage of total XP
 D = Spawn monster count
 E = Non-spawn monster count
 F = Spawn count percentage of total count
 G = Total turns spent on level
                    A         B        C        D         E        F      G
               +---------+---------+-------+---------+---------+-------+---------
         Total |       0 |      32 |   0.0 |       0 |      15 |   0.0 |   379
               +---------+---------+-------+---------+---------+-------+---------
           D:1 |       0 |       8 |   0.0 |       0 |       5 |   0.0 |   212
           D:2 |       0 |       9 |   0.0 |       0 |       4 |   0.0 |   116
           D:3 |       0 |      15 |   0.0 |       0 |       6 |   0.0 |    51
               +---------+---------+-------+---------+---------+-------+---------

Table legend:
 A = Turns spent in this place as a percentage of turns spent in the entire game.
 B = Non-inter-level travel turns spent in this place as a percentage of non-inter-level travel turns spent in the entire game.
 C = Inter-level travel turns spent in this place as a percentage of turns spent in this place.
 D = Turns resting spent in this place as a percentage of non-inter-level travel turns spent in this place.
 E = Turns spent auto-exploring this place as a percentage of non-inter-level travel turns spent in this place.
 F = Non-inter-level travel turns spent in this place divided by the number of levels of this place that you've seen.
                   A       B       C       D       E      F
               +-------+-------+-------+-------+-------+----------------------
         Total | 100.0 | 100.0 |   0.0 |   0.0 |   0.0 | 126.3
       Dungeon | 100.0 | 100.0 |   0.0 |   0.0 |   0.0 | 126.3
               +-------+-------+-------+-------+-------+----------------------

Table legend:
 A = Kills in this place as a percentage of kills in entire the game.
 B = Kills by you in this place as a percentage of kills by you in the entire game.
 C = Kills by friends in this place as a percentage of kills by friends in the entire game.
 D = Other kills in this place as a percentage of other kills in the entire game.
 E = Experience gained in this place as a percentage of experience gained in the entire game.
 F = Experience gained in this place divided by the number of levels of this place that you have seen.
                   A       B       C       D       E      F
               +-------+-------+-------+-------+-------+----------------------
         Total | 100.0 | 100.0 | 100.0 |   N/A | 100.0 |  10.7
       Dungeon | 100.0 | 100.0 | 100.0 |   N/A | 100.0 |  10.7
               +-------+-------+-------+-------+-------+----------------------

Vault maps used:
D:1:      dpeg_arrival_leaves_temple_mockup, tso_altar
D:2:      grunt_temple_overflow_open, first_bread
